 Dungeon Crawl Stone Soup version 0.30-a0-393-g54b8e3be05 (webtiles) character file.

Game seed: 6383727546151367538

2125 xSliceyx the Covert (level 9, -1/48 HPs)
             Began as a Spriggan Brigand on Dec 5, 2022.
             Was an Initiate of Dithmenos.
             Killed by divine providence
             ... invoked by an orc priest
              (15 damage)
             ... on level 7 of the Dungeon.
             The game lasted 00:54:02 (6767 turns).

xSliceyx the Covert (Spriggan Brigand)              Turns: 6767, Time: 00:54:02

Health: -1/48      AC:  4    Str: 11    XL:     9   Next: 8%
Magic:  23/23      EV: 16    Int: 13    God:    Dithmenos [......]
Gold:   114        SH:  5    Dex: 22    Spells: 14/14 levels left

rFire   . . .      SeeInvis +    b - +3 quarterstaff (freeze)
rCold   . . .      Faith    .    (shield currently unavailable)
rNeg    . . .      Spirit   .    H - +0 troll leather armour
rPois   .          Reflect  +    (helmet restricted)
rElec   .          Harm     .    i - scarf {shadows}
rCorr   .          Rampage  .    (gloves unavailable)
Will    +....                    (boots unavailable)
Stlth   +++++.....               v - amulet of reflection
HPRegen 1.08/turn                t - ring of magical power
MPRegen 0.18/turn                x - +6 ring of dexterity

@: very quick
A: very small, no large weapons, unfitting armour, see invisible, speed 3
a: Renounce Religion


You were on level 7 of the Dungeon.
You worshipped Dithmenos.
Dithmenos was noncommittal.
You visited 2 branches of the dungeon, and saw 8 of its levels.
You also visited: Sewer.

You collected 490 gold pieces.
You spent 376 gold pieces at shops.

Inventory:

Hand Weapons
 a - a +2 dagger
 b - a +3 quarterstaff of freezing (weapon)
 s - a +1 vorpal hammer
Missiles
 d - 21 poisoned darts (quivered)
 e - 9 curare-tipped darts
 B - 6 atropa-tipped darts
Armour
 c - a +0 cloak
 i - a scarf of shadows (worn)
 q - a +1 cloak of preservation
 H - a +0 troll leather armour (worn)
Magical Staves
 y - a staff of cold
Jewellery
 t - a ring of magical power (left hand)
 v - an amulet of reflection (around neck)
 x - a +6 ring of dexterity (right hand)
 K - a ring of ice
Wands
 w - a wand of mindburst (11)
 F - a wand of polymorph (9)
 L - a wand of digging (2)
Scrolls
 f - 4 scrolls of noise
 l - a scroll of blinking
 m - 2 scrolls of fear {unknown}
 n - 2 scrolls of immolation
 p - a scroll of magic mapping
 r - a scroll of amnesia
 A - 2 scrolls of teleportation {unknown}
 C - a scroll of poison
 D - 3 scrolls of vulnerability
 E - 2 scrolls of enchant weapon
Potions
 g - 3 potions of curing
 h - 2 potions of haste
 j - 3 potions of flight
 k - 2 potions of invisibility
 o - a potion of cancellation
 u - 5 potions of brilliance
 z - 2 potions of attraction
 G - 4 potions of might
 I - a potion of magic {unknown}
 J - 2 potions of heal wounds


   Skills:
 - Level 6.0 Fighting
 + Level 7.6 Short Blades
 - Level 2.0 Throwing
 - Level 1.3 Dodging
 - Level 10.0 Stealth
 - Level 3.0 Spellcasting
 - Level 5.0 Evocations


You had 14 spell levels left.
You didn't know any spells.
Your spell library contained the following spells:

 Spells                   Type           Power      Damage    Failure   Level
 Cigotuvi's Dreadful Rot  Necr/Pois/Air  2%         N/A       41%         2
 Dispel Undead            Necr           1%         3d6       96%         4
 Summon Lightning Spire   Summ/Air       1%         N/A       96%         4
 Death Channel            Necr           0%         N/A       100%        6
 Storm Form               Tmut/Air       0%         N/A       100%        7
 Maxwell's Capacitive Co  Air            0%         ∞         100%        8


Dungeon Overview and Level Annotations

Branches:
Dungeon (7/15)             Temple (1/1) D:7           Sewer (visited)

Altars:
Cheibriados
Dithmenos
Fedhas
Gozag
Hepliaklqana
Kikubaaqudgha
Nemelex Xobeh
Okawaru
Ru
Sif Muna
Trog
Uskayaw
Wu Jian
Xom
Yredelemnul
Zin
The Shining One

Shops:
D:1 ?   D:2 [   D:4 :   D:5 *

Annotations:
D:7 Duvessa


Innate Abilities, Weirdness & Mutations

You are very small and have problems with some larger weapons.
You are too small for most types of armour.
You have supernaturally acute eyesight. (SInv)
You cover ground extremely quickly. (Speed+++)


Message History

You kill the orc!
Dithmenos accepts your kill.
You hit the orc wizard. You freeze the orc wizard.
The orc wizard is heavily wounded.
The orc wizard hits you with a +0 dagger.
You hit the orc wizard. You freeze the orc wizard.
You kill the orc wizard!
Dithmenos accepts your kill.
You hear a shout!
The orc priest misses you.
Items here: ( )))) / [[ †.
You barely miss the orc priest. The orc priest hits you with a +0 whip.
You closely miss the orc priest.
You hear a shout!
The orc priest invokes the aid of Beogh against you.
Beogh smites you!
The orc priest hits you but does no damage.
You hit the orc priest but do no damage.
The orc priest hits you with a +0 whip.
You closely miss the orc priest. The orc priest misses you.
You hit the orc priest. You freeze the orc priest.
The orc priest is heavily wounded.
The orc priest hits you with a +0 whip.
You hear a shout!
The orc priest closely misses you.
You closely miss the orc priest.
The orc priest is heavily wounded.
You hear a shout!
The orc priest calls down the wrath of Beogh upon you.
Beogh smites you!
* * * LOW HITPOINT WARNING * * *
You hit the orc priest but do no damage.
The orc priest is heavily wounded.
The orc priest barely misses you.
You hear a shout!
You hit the orc priest. You freeze the orc priest.
The orc priest is heavily wounded.
The orc priest mumbles some strange prayers to Beogh against you.
Beogh smites you!
You die...

#......# # ##...ooo### #
#.......+.# # .#......
#.# # .'..... #.#######
# #..o####.#.....######
#...@....#.###.#.....
#........#.#.#.#.####
.....≈≈.≈≈...........>#
###....≈.≈....#.#......#
##.≈.....≈...)....<#.#
...≈≈...≈≈....#.#.#...
##...._.........#.####
.≈≈...≈≈..###...#
≈.....≈..# #.###


You could see an orc priest.

Vanquished Creatures
  An orc warrior (D:6)
  A sky beast (D:6)
  3 ice beasts
  2 ogres
  A centaur (D:6)
  A phantom (D:6)
  3 bullfrogs
  A gnoll sergeant (D:5)
  3 scorpions
  A necrophage (D:6)
  Dowan (D:7)
  5 hounds
  A jelly (D:6)
  An orc priest (D:5)
  Crazy Yiuf (D:2)
  3 iguanas
  Jessica (D:3)
  Ijyb (D:3)
  Terence (D:2)
  3 orc wizards
  11 adders
  3 gnolls
  2 river rats (Sewer)
  A white imp (D:6)
  2 ufetubi (D:6)
  4 worms
  4 dart slugs
  11 orcs
  18 ball pythons
  4 bats
  16 endoplasms
  9 giant cockroaches
  7 goblins
  9 hobgoblins
  8 jackals
  11 kobolds
  3 quokkas
  5 frilled lizards
  33 rats
196 creatures vanquished.

Vanquished Creatures (collateral kills)
  2 rats (Sewer)
2 creatures vanquished.

Vanquished Creatures (others)
  A ball python zombie (Sewer)
  A rat zombie (Sewer)
  A fungus (D:2)
3 creatures vanquished.

Grand Total: 201 creatures vanquished

Notes
Turn   | Place    | Note
-------+----------+-------------------------------------------
     0 | D:1      | xSliceyx the Spriggan Brigand began the quest for the Orb.
     0 | D:1      | Reached XP level 1. HP: 10/10 MP: 2/2
     2 | D:1      | Noticed a gargoyle
     4 | D:1      | Noticed a human
     4 | D:1      | Noticed an elf
     7 | D:1      | Noticed a felid
     7 | D:1      | Noticed a minotaur
     9 | D:1      | Noticed an octopode
     9 | D:1      | Noticed a spriggan
    11 | D:1      | Noticed a vampire
    11 | D:1      | Noticed a formicid
    13 | D:1      | Noticed a vine stalker
    13 | D:1      | Noticed a ghoul
    15 | D:1      | Noticed a naga
    17 | D:1      | Noticed a demonspawn
    17 | D:1      | Noticed a troll
    19 | D:1      | Noticed an armataur
    19 | D:1      | Noticed a tengu
    21 | D:1      | Noticed a demigod
    21 | D:1      | Noticed a merfolk
    23 | D:1      | Noticed a meteoran
    25 | D:1      | Noticed a draconian
    25 | D:1      | Noticed a vampire
    27 | D:1      | Noticed a demonspawn
    27 | D:1      | Noticed a demigod
    71 | D:1      | Reached skill level 6 in Stealth
   131 | D:1      | Reached XP level 2. HP: 14/14 MP: 3/3
   159 | D:1      | Found Tacul's Magic Scroll Shoppe.
   588 | D:1      | Reached XP level 3. HP: 16/18 MP: 4/4
   723 | D:2      | Found Umiot's Armour Shoppe.
   829 | D:2      | Reached skill level 7 in Stealth
  1008 | D:2      | Found a faded altar of an unknown god.
  1059 | D:2      | Found a runed translucent door.
  1060 | D:2      | Noticed Crazy Yiuf
  1093 | D:2      | Killed Crazy Yiuf
  1094 | D:2      | Reached XP level 4. HP: 22/22 MP: 5/5
  1235 | D:2      | Noticed Terence
  1238 | D:2      | Killed Terence
  1436 | D:3      | Reached skill level 8 in Stealth
  1577 | D:3      | Noticed Ijyb
  1617 | D:3      | Noticed Jessica
  1629 | D:3      | Killed Ijyb
  1630 | D:3      | Reached XP level 5. HP: 15/25 MP: 6/6
  1699 | D:3      | Killed Jessica
  1700 | D:3      | Reached skill level 9 in Stealth
  2157 | D:3      | Found a shimmering altar of Xom.
  2225 | D:3      | Found a sacrificial altar of Ru.
  2540 | D:4      | Reached skill level 10 in Stealth
  2540 | D:4      | Reached XP level 6. HP: 19/30 MP: 7/7
  2660 | D:4      | Found Bauroipy's Book Boutique.
  3069 | D:4      | Found an ancient bone altar of Kikubaaqudgha.
  3785 | D:2      | Bought a +0 troll leather armour for 180 gold pieces
  3839 | D:5      | Entered Level 5 of the Dungeon
  4246 | D:5      | Reached XP level 7. HP: 37/37 MP: 8/8
  4294 | D:5      | Found Huevula's General Store.
  4490 | D:5      | Found a glowing silver altar of Zin.
  4589 | D:6      | Found a glowing drain.
  4605 | Sewer    | Entered a sewer
  5015 | Sewer    | Reached skill level 5 in Fighting
  5458 | D:6      | Reached skill level 1 in Spellcasting
  5458 | D:6      | Reached XP level 8. HP: 44/44 MP: 10/10
  5550 | D:6      | Reached skill level 1 in Evocations
  5805 | D:6      | Reached skill level 5 in Evocations
  5909 | D:6      | Reached skill level 5 in Short Blades
  6131 | D:1      | Bought a scroll of brand weapon for 114 gold pieces
  6224 | D:5      | Bought a scroll of enchant weapon for 82 gold pieces
  6275 | D:7      | Found a staircase to the Ecumenical Temple.
  6348 | Temple   | Entered the Ecumenical Temple
  6360 | Temple   | Became a worshipper of Dithmenos the Shadowed
  6393 | D:7      | Noticed Dowan
  6394 | D:7      | Noticed Duvessa
  6399 | D:7      | Killed Dowan
  6400 | D:7      | Reached XP level 9. HP: 48/48 MP: 14/14
  6702 | D:7      | Found a hide-covered altar of Uskayaw.
  6767 | D:7      | Killed from afar by an orc priest

Illustrated notes

Levels and vault maps discovered:
D:1:      kb_arrival_jail, layout_basic, serial_shops,
          nicolae_shop_competitors_out_of_business
D:2:      layout_rooms, serial_shops, nicolae_shop_competitors_out_of_business,
          hellmonk_ecumenical_altar_crossroads, uniq_terence,
          uniq_crazy_yiuf_cottage
D:3:      layout_basic, mainiacjoe_overflow_swirl, uniq_ijyb, uniq_jessica
D:4:      layout_layer_cave, mainiacjoe_overflow_brackets, serial_shops, shop,
          st_stairs_12, minmay_goblin_kobold_house
D:5:      layout_cave_pools, zin_treasury, serial_shops, nicolae_diamond_shop,
          st_stairs_8
D:6:      layout_basic, portal_sewer_entry_b, grunt_ministairs_14,
          minmay_joined_circles
D:7:      layout_basic, mainiacjoe_overflow_small_starburst,
          fiery_altar_vehumet, temple_fountains, uniq_duvessa,
          uniq_prince_ribbit1
Temple:   nicolae_temple_no_exploring_needed

Skill      XL: |  1  2  3  4  5  6  7  8 |
---------------+-------------------------+-----
Stealth        | 6 7 8 10 | 10.0
Short Blades   | 3 4 7 |  7.6
Fighting       | 3 6 |  6.0
Spellcasting   | 1 3 |  3.0
Evocations     | 5 |  5.0
Throwing       | |  2.0
Dodging        | |  1.3

Action                   |  1- 3 |  4- 6 |  7- 9 || total
-------------------------+-------+-------+-------++-------
Melee: Dagger            |   104 |    80 |    49 ||   233
       Quarterstaff      |       |    76 |   200 ||   276
Throw: Dart              |    19 |    14 |    10 ||    43
Evoke: Wand              |       |       |     3 ||     3
  Use: Scroll            |       |       |    17 ||    17
       Potion            |       |       |     1 ||     1
 Stab: Sleeping          |    15 |    18 |    13 ||    46
       Distracted        |     1 |     1 |     1 ||     3
       Paralysed         |       |     1 |       ||     1
       Invisible         |       |       |     2 ||     2
Armor: Robe              |     6 |    13 |       ||    19
       Troll leather arm |       |     7 |    36 ||    43
Dodge: Dodged            |    58 |    86 |   211 ||   355
Block: Other             |       |    24 |    60 ||    84

Table legend: (Time is in decaauts)
 A = Elapsed time spent in this place.
 B = Non-inter-level travel time spent in this place.
 C = Inter-level travel time spent in this place.
 D = Time resting spent in this place.
 E = Time spent auto-exploring this place.
 F = Levels seen in this place.
 G = Mean time per level.
                   A        B        C        D        E       F      G
               +--------+--------+--------+--------+--------+-----+--------+
         Total |   4803 |   4423 |    380 |    585 |   1899 |   9 |  533.7 |
       Dungeon |   4293 |   3917 |    376 |    460 |   1899 |   7 |  613.3 |
        Temple |     12 |      9 |      3 |      0 |      0 |   1 |   12.0 |
         Sewer |    497 |    497 |      0 |    125 |      0 |   1 |  497.0 |
               +--------+--------+--------+--------+--------+-----+--------+

Top non-repeatable levels by time:
     D:4: 1055 daAuts
     D:6: 905 daAuts
     D:3: 702 daAuts
     D:1: 520 daAuts
     D:2: 515 daAuts
   Sewer: 497 daAuts
     D:5: 452 daAuts
     D:7: 143 daAuts
  Temple: 12 daAuts
